 Dungeon Crawl Stone Soup version 0.28.0-49-g6dfe1f597d (webtiles) character file.

Game seed: 15361514072515267433

53 pkoi the Ruffian (level 3, -2/29 HPs)
             Began as a Demigod Gladiator on May 13, 2022.
             Slain by Terence
             ... wielding a +0 hand axe
              (4 damage)
             ... on level 2 of the Dungeon.
             The game lasted 00:03:25 (2591 turns).

pkoi the Ruffian (Demigod Gladiator)                Turns: 2591, Time: 00:03:25

Health: -2/29      AC:  4    Str: 19    XL:     3   Next: 41%
Magic:  5/5        EV: 12    Int: 10    God:
Gold:   152        SH:  0    Dex: 15    Spells: 2/2 levels left

rFire   . . .      SeeInvis .     - Unarmed
rCold   . . .      Faith    .   (no shield)
rNeg    . . .      Spirit   .   a - +0 leather armour
rPois   .          Reflect  .   b - +0 helmet
rElec   .          Harm     .   (no cloak)
rCorr   .          Rampage  .   (no gloves)
Will    .....                   (no boots)
Stlth   +.........              (no amulet)
HPRegen 0.09/turn               f - ring of flight
MPRegen 0.09/turn               (no ring)

@: flying
A: high MP 1, forlorn, divine attributes
a: no special abilities


You were on level 2 of the Dungeon.
You visited 1 branch of the dungeon, and saw 2 of its levels.

You collected 152 gold pieces.

Inventory:

Hand Weapons
 e - a +0 dagger
Missiles
 c - 3 throwing nets (quivered)
Armour
 a - a +0 leather armour (worn)
 b - a +0 helmet (worn)
Jewellery
 f - a ring of flight (left hand)
Scrolls
 g - a scroll of magic mapping


   Skills:
 + Level 2.2 Fighting
 - Level 1.7 Throwing
 + Level 1.1 Armour
 - Level 2.6 Dodging
 * Level 3.6 Unarmed Combat


You had 2 spell levels left.
You didn't know any spells.
Your spell library was empty.

Dungeon Overview and Level Annotations

Branches:
Dungeon (2/15)

Annotations:
D:2 Terence


Innate Abilities, Weirdness & Mutations

You have an increased reservoir of magic. (+10% MP)
You shall have no god before yourself.
Your divine heritage dramatically boosts your attributes as you level up.


Message History

The gnoll hits you from afar with a +0 spear.
* * * LOW HITPOINT WARNING * * *
Things that are here:
a +0 spear; a throwing net The gnoll hits you with a +0 club.
* * * LOW HITPOINT WARNING * * *
The gnoll barely misses you.
You see here a +0 whip.
You reach down and open the door.
An endoplasm comes into view.
The gnoll misses you. The gnoll barely misses you.
There is an open door here.
The endoplasm quivers.
The endoplasm barely misses you. The endoplasm freezes you.
You are frozen.
* * * LOW HITPOINT WARNING * * *
As you open the door, it creaks loudly! The gnoll completely misses you.
The gnoll hits you from afar with a +0 halberd.
* * * LOW HITPOINT WARNING * * *
The endoplasm closely misses you.
There is an open door here.
You hit the endoplasm.
The endoplasm is moderately wounded.
You hit the endoplasm.
The endoplasm is severely wounded.
The endoplasm freezes you.
You are frozen.
* * * LOW HITPOINT WARNING * * *
Terence zaps a wand.
The puff of flame hits you.
* * * LOW HITPOINT WARNING * * *
As you read the scroll labelled DOSOTHRAG MOIH, it crumbles to dust.
It is a scroll of identify.
g - a scroll of magic mapping The endoplasm freezes you.
You are frozen.
* * * LOW HITPOINT WARNING * * *
Terence hits you with a +0 hand axe.
You die...

....#####g##...# ...##
#g# #### #.## #.# ## #g#
#.# #########.#
##.........#
...#######.## ###########
.......##...###.@@......#
##
...###.#.....##J#######.#
##. .#............g.#
###.#### #..
.#########.######
#......####.. .# #.#
#.#.##.##.... .# #.#
###.#.##.##....
.#########'##
#....<##.##....
.).....##...##
#<#.####.####..
.(.....#.....##
#.#.####.# #.#


You could see Terence, a gnoll and an endoplasm.

Vanquished Creatures
  A gnoll (D:2)
  An adder (D:2)
  An endoplasm (D:1)
  5 goblins
  4 hobgoblins
  2 jackals (D:1)
  A quokka (D:1)
  3 ball pythons
  4 bats
  2 frilled lizards (D:1)
  6 kobolds
  4 rats (D:1)
34 creatures vanquished.

Notes
Turn   | Place    | Note
-------+----------+-------------------------------------------
     0 | D:1      | pkoi the Demigod Gladiator began the quest for the Orb.
     0 | D:1      | Reached XP level 1. HP: 17/17 MP: 3/3
   157 | D:1      | Reached skill level 3 in Unarmed Combat
   308 | D:1      | Reached XP level 2. HP: 23/24 MP: 4/4
  1190 | D:2      | Reached skill level 1 in Armour
  1190 | D:2      | Reached XP level 3. HP: 14/29 MP: 5/5
  1510 | D:2      | Noticed Terence
  2591 | D:2      | Slain by Terence

Illustrated notes

Levels and vault maps discovered:
D:1:      amcnicky_arrival_underground_garden, layout_loops_ring
D:2:      layout_loops_corners, hellmonk_ecumenical_altar_crossroads,
          uniq_terence

Skill      XL: |  1  2 |
---------------+-------+-----
Unarmed Combat | 3 |  3.6
Fighting       | 2 |  2.2
Armour         | 1 |  1.1
Throwing       | |  1.7
Dodging        | |  2.6

Action                   || total
-------------------------++-------
Melee: Unarmed           ||   128
       Punch             ||     3
  Use: Scroll            ||     1
 Stab: Sleeping          ||     1
Armor: Leather armour    ||    42
Dodge: Dodged            ||    98
